Map: Lerilak Crest

Players

xKawaiian - Winner!

  • Race: Terran Terran
  • League: Master

oCRaM

  • Race: Zerg Zerg
  • League: Master

VOD

Have the link to the VOD?

Description

Time

  • Played on: Jan. 18, 2016, 3:37 a.m.
  • Length: 11:58
Show
View Real Time Build Order
Export as new Build Order

xKawaiian Terran - Winner!

Build Orders: Reaper Expand, MMM Bio 

Get SALT Encoding   

  12  0:01  SCV  
  13  0:13  SCV  
  14  0:17  Supply Depot  
  14  0:25  SCV  
  15  0:38  SCV  
  15  0:41  Barracks  
  16  0:47  Refinery  
  16  0:50  SCV  
  17  1:02  SCV  
  18  1:15  SCV  
  19  1:27  Orbital Command  
  19  1:29  Reaper  
  20  1:40  Command Center  
  20  1:50  Supply Depot  
  20  1:54  SCV  
  21  2:01  Barracks Reactor  
  21  2:07  SCV  
  22  2:19  SCV  
  23  2:23  Command Center  
  23  2:31  SCV  
  23  2:35  Factory  
  24  2:39  Marine  
  24  2:40  Marine  
  24  2:43  SCV  
  27  2:58  Bunker, Marine x2  
  27  3:00  Orbital Command  
  27  3:02  SCV  
  30  3:10  Refinery  
  30  3:15  SCV  
  30  3:16  Marine x2  
  30  3:18  Factory Tech Lab  
  34  3:27  SCV  
  34  3:30  SCV  
  34  3:34  Marine x2  
  36  3:36  Orbital Command  
  38  4:17  Hellion x2  
  38  4:21  SCV  
  39  4:32  Marine  
  39  4:38  SCV x2, Hellion x2  
  46  4:45  Starport  
  45  5:00  Hellion x2  
  45  5:05  Marine  
  46  5:07  Armory, Stimpack, SCV  
  45  5:17  SCV  
  45  5:19  SCV  
  51  5:21  Hellion x2  
  51  5:23  Marine  
  51  5:24  Supply Depot  
  51  5:25  Supply Depot  
  51  5:26  Starport Tech Lab  
  51  5:28  SCV  
  53  5:29  SCV  
  53  5:31  SCV  
  55  5:38  Supply Depot  
  55  5:40  SCV, Barracks  
  56  5:43  SCV, Barracks  
  56  5:46  Hellion  
  56  5:49  SCV  
  60  5:58  Marine  
  60  5:59  SCV x2  
  60  6:00  Hellion  
  60  6:03  SCV  
  66  6:07  Hellion  
  66  6:11  Starport Reactor  
  66  6:12  Barracks  
  66  6:14  SCV  
  66  6:15  SCV x2  
  69  6:24  Refinery x2  
  69  6:27  SCV  
  69  6:29  Orbital Command  
  69  6:30  Engineering Bay  
  70  6:33  SCV  
  70  6:34  Engineering Bay  
  70  6:37  Barracks Reactor  
  70  6:38  Barracks Reactor  
  71  6:46  Hellion  
  71  6:47  Hellion, Medivac  
  75  6:49  Medivac  
  76  7:08  Hellion  
  71  7:15  Marine  
  64  7:23  Hellion x8  
  64  7:25  Liberator  
  64  7:26  Hellion  
  64  7:29  Hellion  
  62  7:33  SCV, Marine  
  62  7:35  Hellion x2  
  64  7:38  SCV  
  61  7:47  Marine  
  61  7:48  Marine x2  
  61  7:51  SCV x2  
  61  7:52  SCV  
  59  7:58  Marine  
  59  7:59  Marine x2  
  59  8:01  Combat Shields  
  62  8:11  Marine x3  
  63  8:14  Medivac  
  63  8:15  SCV  
  63  8:16  Marine x2  
  60  8:29  Marine x2  
  60  8:31  Medivac  
  60  8:32  SCV x2  
  60  8:34  Missile Turret  
  60  8:36  SCV  
  60  8:39  Marine  
  60  8:40  Marine  
  63  8:44  SCV x2, Medivac  
  63  8:45  Marine  
  63  8:48  SCV  
  69  8:50  Hellion x2  
  69  8:53  Marine  
  74  8:56  SCV x2  
  74  9:00  SCV, Marine x3  
  79  9:06  Missile Turret  
  79  9:08  SCV x2  
  81  9:12  SCV  
  81  9:16  Missile Turret, Marine  
  82  9:17  Marine  
  82  9:20  SCV  
  82  9:22  Terran Infantry Armor Level 1  
  82  9:24  Terran Infantry Weapons Level 1  
  84  9:28  Marine x2  
  84  9:30  Marine  
  83  9:38  Hellion  
  83  9:39  Hellion  
  83  9:41  Hellion, Marine  
  83  9:42  Marine  
  83  9:44  SCV  
  88  9:45  SCV  
  88  9:52  Supply Depot  
  89  9:53  Supply Depot  
  89  9:56  SCV x2  
  89  9:58  SCV, Marine  
  95  10:00  Hellion  
  95  10:01  Marine  
  95  10:02  Marine  
  95  10:03  Marine  
  99  10:09  SCV  
  99  10:11  SCV  
  100  10:14  Supply Depot, Marine  
  100  10:15  Supply Depot, Marine  
  100  10:21  Marine x2  
  102  10:24  Marine x2  
  102  10:26  SCV  
  102  10:28  SCV  
  106  10:30  Medivac  
  108  10:35  Marine  
  108  10:36  Marine  
  108  10:39  Marine  
  108  10:40  Marine  
  108  10:42  Marine x2  
  114  10:52  Barracks  
  114  10:53  Marine  
  114  10:54  SCV x2, Marauder  
  114  10:56  SCV  
  118  10:57  Barracks  
  118  10:58  Marine x2  
  120  11:10  Missile Turret  
  118  11:11  Marine  
  118  11:12  Marine x2  
  118  11:13  Missile Turret x2  
  118  11:15  Marine x2  
  118  11:17  SCV  
  124  11:19  SCV  
  124  11:20  SCV  
  126  11:26  Marine  
  126  11:29  Marine x2  
  126  11:30  Marine  
  130  11:33  Marine x2  
  130  11:39  Marine  
Show
View Real Time Build Order
Export as new Build Order

oCRaM Zerg 

Build Orders: Hatch First, Muta Ling Bane 

Get SALT Encoding   

  12  0:00  Drone  
  13  0:12  Overlord  
  13  0:17  Drone  
  14  0:30  Drone  
  14  0:31  Drone  
  14  0:34  Drone  
  17  0:53  Hatchery  
  17  0:56  Drone  
  17  1:09  Extractor  
  16  1:11  Spawning Pool  
  16  1:14  Drone  
  16  1:17  Drone  
  17  1:21  Drone  
  18  1:31  Overlord  
  18  1:42  Drone  
  19  1:59  Queen  
  19  2:00  Zergling x2  
  19  2:01  Zergling x2  
  23  2:05  Queen  
  25  2:08  Metabolic Boost  
  25  2:11  Drone  
  25  2:13  Drone  
  27  2:17  Drone  
  28  2:30  Drone x2  
  30  2:39  Drone x2  
  32  2:51  Overlord x2  
  32  3:11  Zergling x14  
  39  3:21  Zergling x4  
  41  3:33  Zergling x8  
  45  3:42  Zergling x6  
  45  3:47  Hatchery  
  43  3:53  Zergling x4  
  43  3:54  Zergling x6  
  45  4:02  Zergling x4  
  43  4:12  Zergling x8  
  43  4:13  Zergling x2  
  42  4:20  Drone  
  43  4:28  Drone  
  42  4:37  Zergling x4  
  44  4:42  Lair  
  44  4:44  Extractor  
  43  4:46  Drone x2, Spine Crawler  
  43  4:48  Evolution Chamber x2  
  37  5:05  Drone x7  
  37  5:06  Drone  
  38  5:17  Queen  
  40  5:23  Zerg Melee Weapons Level 1  
  40  5:26  Zerg Ground Armor Level 1  
  40  5:31  Zergling x4  
  40  5:35  Zergling x4  
  43  5:41  Zergling x4  
  43  5:42  Zergling x4  
  47  5:46  Zergling x4  
  48  5:58  Extractor x2  
  48  6:02  Spire  
  48  6:04  Zergling x8  
  45  6:16  Drone x5  
  50  6:25  Overlord x2  
  50  6:34  Drone x4  
  50  6:35  Drone  
  52  7:13  Mutalisk x5  
  52  7:14  Mutalisk  
  64  7:19  Zergling x10  
  64  7:21  Overlord x3  
  66  7:36  Overlord x3  
  63  8:06  Hatchery  
  62  8:18  Drone x2  
  58  8:33  Drone  
  56  8:34  Drone x5  
  56  8:47  Drone  
  57  9:03  Mutalisk  
  57  9:07  Zerg Ground Armor Level 2, Zerg Melee Weapons Level 2  
  57  9:08  Baneling Nest  
  58  9:29  Mutalisk  
  60  9:44  Extractor  
  59  9:58  Centrifical Hooks  
  59  10:03  Hatchery, Drone x4  
  61  10:20  Mutalisk x3  
  67  10:36  Mutalisk  
  67  10:39  Drone  
  67  10:40  Drone x4  
  74  10:50  Mutalisk  
  76  10:58  Mutalisk x2  
  80  11:09  Mutalisk  
  78  11:16  Baneling x4  
  78  11:21  Zergling x4  
  78  11:22  Zergling x4  
  76  11:29  Baneling x6  
Tags
 
Add a new tag
Caveats
  • Supply blocks, unpowered buildings, or Contaminate may cause inaccurate times.
  • Supply counts are checked every 10 seconds.